 Dungeon Crawl Stone Soup version 0.31-a0-202-g547052bce9 (webtiles) character file.

Game seed: 13982280919067510252

6456 innerfire43 the Fighter (level 10, -2/85 HPs)
             Began as a Demonspawn Monk on June 26, 2023.
             Was the Champion of Ignis.
             Killed by divine providence
             ... invoked by an orc priest
              (13 damage)
             ... on level 8 of the Dungeon.
             The game lasted 00:08:29 (5661 turns).

innerfire43 the Fighter (Demonspawn Monk)           Turns: 5661, Time: 00:08:30

Health: -2/85      AC:  4    Str: 22    XL:     10   Next: 67%
Magic:  10/10      EV: 22    Int: 11    God:    Ignis [******]
Gold:   446        SH:  5    Dex: 16    Spells: 9/9 levels left

rFire   + + .        A - +5 woodcutter's axe
rCold   + . .        (shield currently unavailable)
rNeg    . . .        b - +0 robe
rPois   +            O - +0 helmet
rElec   +            (no cloak)
rCorr   +            M - +0 pair of gloves
SInv    .            (no boots)
Will    .....        f - amulet of reflection
Stlth   +            l - +6 ring of strength
HPRegen 0.34/turn    r - +5 ring of evasion
MPRegen 0.12/turn

%: reflection
@: resistant
A: foul stench 1, spiny 2, weakness stinger 1
a: Renounce Religion, Fiery Armour, Foxfire Swarm, Rising Flame


You were on level 8 of the Dungeon.
You worshipped Ignis.
Ignis was exalted by your worship.
You visited 1 branch of the dungeon, and saw 8 of its levels.

You collected 446 gold pieces.

Inventory:

Hand Weapons
 a - a +0 hand axe
 h - a +1 heavy hand axe
 A - the +5 woodcutter's axe (weapon)
   (You found it on level 4 of the Dungeon)
 F - a +4 morningstar
 K - a +6 rapier of speed
Missiles
 y - a throwing net
Armour
 b - a +0 robe (worn)
 d - an orb of light
 e - a +2 hat
 x - the +1 robe "Wauffix" {Rampage *Corrode rElec}
   (You found it on level 4 of the Dungeon)

   rElec:     It insulates you from electricity.
   *Corrode:  It may corrode you when you take damage.
   Rampage:   It bestows one free step when moving towards enemies.
 M - a +0 pair of gloves (worn)
 O - a +0 helmet (worn)
Jewellery
 f - an amulet of reflection (around neck)
 l - a +6 ring of strength (left hand)
 m - a ring of poison resistance
 p - an amulet of regeneration
 r - a +5 ring of evasion (right hand)
 s - a ring of positive energy
 D - a ring of wizardry
 E - a ring of willpower
 N - an amulet of faith
Wands
 C - a wand of iceblast (9)
 G - a wand of paralysis (11)
 I - a wand of acid (9)
 J - a wand of digging (2)
 P - a wand of mindburst (12)
Scrolls
 n - 2 scrolls of amnesia
 q - a scroll of teleportation
 t - 3 scrolls of fog
 u - a scroll of poison
 v - 2 scrolls of noise
Potions
 g - 2 potions of enlightenment
 i - a potion of berserk rage
 j - a potion of attraction {unknown}
 k - a potion of resistance
 o - a potion of cancellation {unknown}
 w - a potion of might
 z - a potion of magic {unknown}
 B - 2 potions of degeneration {unknown}
 H - a potion of curing
 L - a potion of mutation {unknown}


   Skills:
 + Level 10.1 Fighting
 + Level 9.1 Axes
 + Level 9.1 Dodging


You had 9 spell levels left.
You didn't know any spells.
Your spell library was empty.

Dungeon Overview and Level Annotations

Branches:
Dungeon (8/15)             Temple (0/1) D:7
   Lair: D:8-11

Altars:
Hepliaklqana
Okawaru
Ignis

Shops:
D:6 !   D:7 *


Innate Abilities, Weirdness & Mutations

You may rarely emit foul miasma when damaged in melee.
You are mostly covered in sharp spines.
You have a small tail.


Message History

Grum closely misses you.
You are confused.
You feel invigorated.
You feel sick.
The wolf is no longer moving slowly.
The wolf is engulfed in dark miasma.
The wolf looks as sick as possible!
The wolf misses you.
The orc priest invokes the aid of Beogh against you.
Beogh smites you!
* * * LOW HITPOINT WARNING * * *
Grum is struck by your spines. Grum barely misses you.
The iguana closely misses you.
You slash the wolf!
You kill the wolf!
You slash Grum! You barely miss the iguana.
You feel sick.
The orc priest hits you but does no damage.
The iguana is struck by your spines. The iguana barely misses you.
Grum is struck by your spines. Grum closely misses you.
You bump into the rock wall.
You feel less invigorated.
You feel less confused.
You feel sick.
The orc priest mumbles some strange prayers to Beogh against you.
Beogh smites you!
* * * LOW HITPOINT WARNING * * *
The iguana closely misses you.
Grum drinks a potion.
Grum is healed!
You feel better. You block the orc priest's attack.
The iguana is struck by your spines. The iguana completely misses you.
Grum closely misses you.
You closely miss the iguana.
The iguana is heavily wounded.
You closely miss Grum. The orc priest barely misses you.
The iguana is struck by your spines.
You kill the iguana!
Grum is struck by your spines. Grum hits you with a +0 spear.
* * * LOW HITPOINT WARNING * * *
You barely miss Grum. You tail-slap Grum.
Grum is almost dead.
The orc priest completely misses you. Grum is struck by your spines.
You kill Grum!
The orc priest invokes the aid of Beogh against you.
Beogh smites you!
You die...

..'...#.....#
#........
..#...#.....# #.......
..#####.....####......
.......)..###..#....#
..........'....#....#
......###.#....#)...#
.....## ######'#.)..#
'##### #..))†### .#
##..@)# ## ###o.'.....
#..#+#### # #.... #
...... # ....... #
....... # #........ #


You could see an orc priest.

Vanquished Creatures
  The ghost of benadryl the Wallflower, a novice TrFi of Uskayaw (D:7)
  Pikel (D:7)
  Prince Ribbit (D:8)
  5 wyverns
  Grum (D:8)
  A steam dragon (D:7)
  Duvessa (D:7)
  2 water moccasins (D:8)
  5 black bears
  2 sky beasts
  5 ogres
  2 centaurs
  7 wolves (D:8)
  2 phantoms (D:5)
  A kobold brigand (D:7)
  A bullfrog (D:7)
  5 scorpions
  2 gnoll sergeants
  10 wights
  Dowan (D:7)
  A howler monkey (D:7)
  6 hounds
  2 jellies
  An orc priest (D:5)
  A gnoll bouda (D:4)
  3 sleepcaps
  Terence (D:3)
  4 iguanas
  2 orc wizards
  18 gnolls
  9 adders
  2 shadow imps
  3 ufetubi
  3 worms
  2 dart slugs
  19 orcs
  6 ball pythons
  7 endoplasms
  6 giant cockroaches
  9 goblins
  12 hobgoblins
  3 jackals (D:2)
  13 kobolds
  5 quokkas
  10 bats
  2 frilled lizards
  3 rats (D:1)
  A butterfly (D:7)
210 creatures vanquished.

Notes
Turn   | Place    | Note
-------+----------+-------------------------------------------
     0 | D:1      | innerfire43 the Demonspawn Monk began the quest for the
                  | Orb.
     0 | D:1      | Reached XP level 1. HP: 18/18 MP: 1/1
    81 | D:1      | Gained mutation: You are partially covered in sharp spines.
                  | [demonic ancestry]
    81 | D:1      | Reached XP level 2. HP: 1/24 MP: 2/2
   376 | D:1      | Gained mutation: You are mostly covered in sharp spines.
                  | [demonic ancestry]
   376 | D:1      | Reached XP level 3. HP: 29/29 MP: 3/3
   601 | D:2      | Reached XP level 4. HP: 12/37 MP: 4/4
   740 | D:2      | Found an iron altar of Okawaru.
   860 | D:2      | Reached skill level 4 in Fighting
  1249 | D:2      | Found a faded altar of an unknown god.
  1307 | D:2      | Prayed at the altar of an unknown god.
  1307 | D:2      | Became a worshipper of Ignis, the Dying Flame
  1307 | D:2      | Reached ****** piety under Ignis
  1394 | D:3      | Noticed Terence
  1401 | D:3      | Killed Terence
  1402 | D:3      | Reached XP level 5. HP: 28/42 MP: 5/5
  2126 | D:4      | Gained mutation: You have a small tail. [demonic ancestry]
  2126 | D:4      | Reached XP level 6. HP: 49/49 MP: 6/6
  2198 | D:4      | Identified the +1 robe "Wauffix" {Rampage *Corrode rElec}
  2225 | D:4      | Reached skill level 5 in Fighting
  2298 | D:4      | Reached XP level 7. HP: 42/56 MP: 7/7
  2567 | D:4      | Found the +5 woodcutter's axe
  2570 | D:4      | Reached skill level 5 in Axes
  2570 | D:4      | Reached skill level 5 in Dodging
  2962 | D:5      | Entered Level 5 of the Dungeon
  2983 | D:5      | Reached skill level 6 in Fighting
  3091 | D:5      | Gained mutation: You may rarely emit foul miasma when
                  | damaged in melee. [demonic ancestry]
  3091 | D:5      | Reached XP level 8. HP: 64/64 MP: 8/8
  3528 | D:5      | Found a hazy altar of Hepliaklqana.
  3771 | D:6      | Found Pumpyghyo's Distillery.
  3860 | D:6      | Reached skill level 7 in Fighting
  4334 | D:6      | Reached XP level 9. HP: 51/72 MP: 9/9
  4419 | D:7      | Noticed Pikel
  4427 | D:7      | Paralysed by Pikel for 3 turns
  4432 | D:7      | Killed Pikel
  4433 | D:7      | Reached skill level 8 in Fighting
  4555 | D:7      | Found a staircase to the Ecumenical Temple.
  4652 | D:7      | Found a runed translucent door.
  4665 | D:7      | Found Waedigo's Overcharged Wands.
  4665 | D:7      | Noticed Dowan
  4666 | D:7      | Noticed Duvessa
  4678 | D:7      | Killed Duvessa
  4680 | D:7      | Killed Dowan
  4832 | D:7      | Noticed Joseph
  4972 | D:7      | Noticed benadryl's ghost (novice TrFi)
  5030 | D:7      | Killed benadryl's ghost
  5031 | D:7      | Reached skill level 9 in Fighting
  5031 | D:7      | Reached XP level 10. HP: 37/83 MP: 10/10
  5488 | D:8      | Noticed Prince Ribbit
  5494 | D:8      | Killed Prince Ribbit
  5650 | D:8      | Noticed Grum
  5651 | D:8      | Reached skill level 10 in Fighting
  5657 | D:8      | HP: 2/85 [orc priest/divine providence (15)]
  5660 | D:8      | Killed Grum
  5661 | D:8      | Killed from afar by an orc priest

Illustrated notes

Levels and vault maps discovered:
D:1:      eino_arrival_druids_welcome, layout_rooms
D:2:      cheibrodos_greedy_goblins, layout_basic, basic_altar,
          shapermc_ecumenical_altar_hornbeckon
D:3:      layout_loops_ring, uniq_terence
D:4:      layout_rooms, corexii_leaking_fountain, hex_intersection,
          pf_guarded_unrand_woodcutter
D:5:      layout_loops_ring, mainiacjoe_overflow_divided_tiny
D:6:      layout_basic, serial_shops, shop
D:7:      layout_rooms, minmay_temple_entry_butterflies,
          ebering_ghost_reflecting_pool, grunt_ministairs_4, minmay_holes,
          nicolae_shop_overcharged_wands, uniq_duvessa, uniq_joseph, uniq_pikel
D:8:      layout_gridville, chequers_temple_overflow_minitemple,
          minmay_lair_entry_grove, uniq_grum, uniq_prince_ribbit1

Skill      XL: |  1  2  3  4  5  6  7  8  9 10 |
---------------+-------------------------------+-----
Dodging        | 3 4 5 6 8 9 |  9.1
Axes           | 3 4 5 6 8 9 |  9.1
Fighting       | 4 5 6 7 9 10 | 10.1

Action                     |  1- 3 |  4- 6 |  7- 9 | 10-12 || total
---------------------------+-------+-------+-------+-------++-------
  Melee: Hand axe          |    59 |    76 |    23 |       ||   158
         Tailslap          |       |     6 |    32 |     6 ||    44
         Battleaxe         |       |       |   145 |    45 ||   190
    Use: Scroll            |     1 |       |     8 |       ||     9
         Potion            |       |       |       |     3 ||     3
   Stab: Sleeping          |       |       |     3 |     1 ||     4
         Distracted        |       |       |     1 |       ||     1
 Armour: Robe              |    13 |    13 |    11 |     7 ||    44
  Dodge: Dodged            |    57 |    48 |   114 |    85 ||   304
  Block: Orb               |     5 |    22 |     8 |       ||    35
         Reflection        |       |     1 |     3 |       ||     4
         Other             |       |       |    30 |    30 ||    60

Table legend: (Time is in decaauts)
 A = Elapsed time spent in this place.
 B = Non-inter-level travel time spent in this place.
 C = Inter-level travel time spent in this place.
 D = Time resting spent in this place.
 E = Time spent auto-exploring this place.
 F = Levels seen in this place.
 G = Mean time per level.
                   A        B        C        D        E       F      G
               +--------+--------+--------+--------+--------+-----+--------+
         Total |   5755 |   5573 |    182 |     23 |   4431 |   8 |  719.4 |
       Dungeon |   5755 |   5573 |    182 |     23 |   4431 |   8 |  719.4 |
               +--------+--------+--------+--------+--------+-----+--------+

Top non-repeatable levels by time:
     D:7: 1073 daAuts
     D:4: 926 daAuts
     D:2: 776 daAuts
     D:5: 762 daAuts
     D:3: 752 daAuts
     D:6: 684 daAuts
     D:1: 599 daAuts
     D:8: 179 daAuts
